 Dungeon Crawl Stone Soup version 0.31-a0-1591-g515db51633 (webtiles) character file.

Game seed: 8536844561005150411

2178 CougarLife the Grappler (level 9, -10/89 HPs)
             Began as a Troll Fighter on Jan 7, 2024.
             Mangled by a hornet (14 damage)
             ... on level 7 of the Dungeon.
             The game lasted 00:08:16 (4772 turns).

CougarLife the Grappler (Troll Fighter)             Turns: 4772, Time: 00:08:17

Health: -10/89     AC:  4    Str: 28    XL:     9   Next: 11%
Magic:  8/8        EV:  9    Int:  6    God:
Gold:   650        SH:  7    Dex:  9    Spells: 8/8 levels left

rFire   . .          .
                       - Unarmed
rCold   . . .        b - +0 kite shield
rNeg    . . .        a - +0 robe
rPois   .            l - +0 hat
rElec   .            (no cloak)
rCorr   .            (gloves unavailable)
SInv    .            (boots unavailable)
Will    .....        (no amulet)
Stlth   +            m - ring of flight
HPRegen 1.14/turn    (no ring)
MPRegen 0.11/turn

%: no passive effects
@: flying, slowed, very slow
A: large, unfitting armour, claws 3, regeneration 1, shaggy fur 1, tough skin 1
a: no special abilities


You were on level 7 of the Dungeon.
You visited 1 branch of the dungeon, and saw 7 of its levels.

You collected 650 gold pieces.

Inventory:

Missiles
 g - 4 poisoned darts
 o - 6 silver javelins
 u - 2 curare-tipped darts (quivered)
 w - 6 boomerangs
Armour
 a - a +0 robe (worn)
 b - a +0 kite shield (worn)
 l - a +0 hat (worn)
Jewellery
 m - a ring of flight (left claw)
Wands
 y - a wand of roots (3)
 A - a wand of paralysis (10)
 B - a wand of flame (15)
Scrolls
 h - 5 scrolls of identify {unknown}
 j - a scroll of amnesia {unknown}
 k - a scroll of poison {unknown}
 n - a scroll of silence {unknown}
 q - a scroll of noise {unknown}
 r - 2 scrolls of teleportation {unknown}
 t - a scroll of butterflies {unknown}
 x - a scroll of blinking {unknown}
Potions
 c - 2 potions of might
 d - a potion of attraction {unknown}
 e - 2 potions of ambrosia {unknown}
 f - a potion of cancellation {unknown}
 i - 2 potions of curing {unknown}
 p - a potion of resistance {unknown}
 s - a potion of berserk rage {unknown}
 v - 2 potions of heal wounds {unknown}
 z - 2 potions of enlightenment {unknown}


   Skills:
 + Level 5.9 Fighting
 * Level 4.7 Dodging
 - Level 3.0 Shields
 - Level 9.1 Unarmed Combat


You had 8 spell levels left.
You didn't know any spells.
Your spell library contained the following spells:

 Spells                   Type           Power      Damage    Failure   Level
 Blink                    Tloc           0%         N/A       83%         2
 Lesser Beckoning         Tloc           0%         N/A       83%         2
 Mercury Vapours          Alch/Air       0%         N/A       83%         2
 Momentum Strike          Conj/Tloc      0%         3d8       83%         2
 Mephitic Cloud           Conj/Alch/Air  0%         N/A       96%         3
 Freezing Cloud           Conj/Ice/Air   0%         6-21      100%        5


Dungeon Overview and Level Annotations

Branches:
Dungeon (7/15)
 Temple: D:4-7

Altars:
Ashenzari
Dithmenos
Elyvilon
Uskayaw
Vehumet

Shops:
D:5 =

Annotations:
D:6 3 runed translucent doors, grandjackal's ghost, novice DsGl


Innate Abilities, Weirdness & Mutations

You are too large for most types of armour.
You have claws for hands.
Your natural rate of healing is unusually fast.
You are covered in fur. (AC +1)
You have tough skin. (AC +1)


Message History

You feel as though you will be slow longer.
You are too injured to fight recklessly!
You are too injured to fight recklessly!
You are too injured to fight recklessly!
You are too injured to fight recklessly!
You barely miss the hornet.
The hornet is lightly wounded.
You feel very sick. The hornet barely misses you.
You block the hornet's attack.
You miss the hornet.
You feel sick. The hornet barely misses you. You block the hornet's attack.
You barely miss the hornet.
You feel sick.
The hornet stings you but does no damage.
You block the hornet's attack.
You barely miss the hornet.
You feel sick. The hornet closely misses you. The hornet stings you!
You feel as though you will be slow longer.
You scratch the hornet but do no damage.
You feel sick.
The hornet stings you but does no damage.
The hornet stings you.
* * * LOW HITPOINT WARNING * * *
You feel as though you will be slow longer.
You scratch the hornet.
The hornet is lightly wounded.
You feel sick.
You are no longer poisoned.
The hornet stings you!
* * * LOW HITPOINT WARNING * * *
You feel as though you will be slow longer.
The hornet stings you.
* * * LOW HITPOINT WARNING * * *
You feel as though you will be slow longer.
You closely miss the hornet.
The hornet is lightly wounded.
The hornet stings you.
* * * LOW HITPOINT WARNING * * *
You feel as though you will be slow longer.
The hornet stings you!
You die...

.. ### #. #. ..# #.#
#.. #. #.# #.# ###.###.
#####.# #.# #.......
......# #.# #...#...
....## #.###.......
##..####.#.....#...
#.@........# #>##..
#.....#y.......# #.###.
##...##..###.#.###.###.
...._.....#
#...........
..##...##..#
#####...#### . #....
#..# ##.## ...#.# ..(#
#.# ..##. #...# #.# #.#


You could see a hornet.

Vanquished Creatures
  2 hornets (D:7)
  A steam dragon (D:7)
  A water moccasin (D:6)
  Duvessa (D:6)
  An ice beast (D:4)
  A black bear (D:5)
  A sky beast (D:4)
  An orc warrior (D:6)
  An ogre (D:5)
  A phantom (D:2)
  A kobold brigand (D:7)
  Dowan (D:6)
  A bombardier beetle (D:5)
  3 hounds (D:6)
  4 jellies
  An orc priest (D:4)
  2 sleepcaps
  2 iguanas (D:5)
  13 gnolls
  12 adders
  A shadow imp (D:4)
  A white imp (D:5)
  2 ribbon worms (D:2)
  2 dart slugs
  16 orcs
  9 ball pythons
  6 bats
  7 endoplasms
  4 giant cockroaches
  26 goblins
  28 hobgoblins
  14 kobolds
  3 quokkas
  3 frilled lizards
  3 rats
176 creatures vanquished.

Notes
Turn   | Place    | Note
-------+----------+-------------------------------------------
     0 | D:1      | CougarLife the Troll Fighter began the quest for the Orb.
     0 | D:1      | Reached XP level 1. HP: 22/22 MP: 0/0
   142 | D:1      | Reached XP level 2. HP: 29/29 MP: 1/1
   559 | D:2      | Reached XP level 3. HP: 30/36 MP: 2/2
   676 | D:2      | Reached XP level 4. HP: 43/45 MP: 3/3
   699 | D:2      | Noticed a phantom
   707 | D:2      | Killed a phantom
   708 | D:2      | Reached skill level 4 in Unarmed Combat
   708 | D:2      | Reached XP level 5. HP: 53/53 MP: 4/4
  1238 | D:3      | Found a white marble altar of Elyvilon.
  1339 | D:3      | Found a broken altar of Ashenzari.
  1341 | D:3      | Reached skill level 5 in Unarmed Combat
  1373 | D:3      | Reached XP level 6. HP: 48/61 MP: 5/5
  1439 | D:3      | Found a hide-covered altar of Uskayaw.
  1803 | D:4      | Reached skill level 6 in Unarmed Combat
  1840 | D:4      | Noticed an ice beast
  1850 | D:4      | Killed an ice beast
  2162 | D:4      | Reached XP level 7. HP: 58/67 MP: 6/6
  2239 | D:4      | Reached skill level 7 in Unarmed Combat
  2481 | D:5      | Entered Level 5 of the Dungeon
  2679 | D:5      | Reached skill level 8 in Unarmed Combat
  3092 | D:5      | Found a radiant altar of Vehumet.
  3102 | D:5      | Reached XP level 8. HP: 71/78 MP: 7/7
  3110 | D:5      | Found Xusiaw's Jewellery Boutique.
  3996 | D:6      | Found a runed translucent gate.
  3996 | D:6      | Found a runed translucent gate.
  3996 | D:6      | Found a runed translucent gate.
  3998 | D:6      | Noticed grandjackal's ghost (novice DsGl)
  4003 | D:6      | Noticed Duvessa
  4003 | D:6      | Noticed Dowan
  4060 | D:6      | Killed Duvessa
  4063 | D:6      | Killed Dowan
  4064 | D:6      | Reached skill level 9 in Unarmed Combat
  4158 | D:6      | Reached skill level 5 in Fighting
  4439 | D:7      | Noticed a hornet
  4441 | D:7      | Killed a hornet
  4658 | D:7      | Noticed a hornet
  4664 | D:7      | Killed a hornet
  4665 | D:7      | Reached XP level 9. HP: 61/89 MP: 8/8
  4746 | D:7      | Found a shadowy altar of Dithmenos.
  4772 | D:7      | HP: 4/89 [hornet (3)]
  4772 | D:7      | Mangled by a hornet

Illustrated notes

Levels and vault maps discovered:
D:1:      lightli_arrival_chessboard, layout_basic, minmay_gold_behind_fungi,
          minmay_misc_feat_enclosed, chequers_serial_rivers_micro_b
D:2:      layout_rooms, minmay_stone_trees_medium,
          ebering_dispersal_statue_hall, minmay_misc_feat_square,
          minmay_tromino_v4_a
D:3:      layout_rooms, lemuel_round_altar, ashenzari_conservatory_becter,
          nicolae_uskayaw_suspiria
D:4:      layout_basic
D:5:      minmay_goblin_kobold_castle, layout_loops_ring,
          nicolae_vehumet_radiance, serial_shops, shop
D:6:      layout_cave_pools, gammafunk_ghost_nasty_kobolds, uniq_duvessa
D:7:      layout_loops_ring, mainiacjoe_overflow_small_starburst, temple_green

Skill      XL: |  1  2  3  4  5  6  7  8 |
---------------+-------------------------+-----
Shields        | 3 |  3.0
Dodging        | 3 4 |  4.7
Fighting       | 3 5 |  5.9
Unarmed Combat | 4 5 6 8 9 |  9.1

Action                     |  1- 3 |  4- 6 |  7- 9 || total
---------------------------+-------+-------+-------++-------
  Melee: Unarmed           |   103 |   156 |   255 ||   514
  Throw: Dart              |       |       |     6 ||     6
 Armour: Robe              |    53 |    80 |   187 ||   320
  Dodge: Dodged            |    42 |    55 |    94 ||   191
  Block: Kite shield       |    29 |    58 |   106 ||   193

Table legend: (Time is in decaauts)
 A = Elapsed time spent in this place.
 B = Non-inter-level travel time spent in this place.
 C = Inter-level travel time spent in this place.
 D = Time resting spent in this place.
 E = Time spent auto-exploring this place.
 F = Levels seen in this place.
 G = Mean time per level.
                   A        B        C        D        E       F      G
               +--------+--------+--------+--------+--------+-----+--------+
         Total |   4780 |   4603 |    177 |    290 |   2994 |   7 |  682.9 |
       Dungeon |   4780 |   4603 |    177 |    290 |   2994 |   7 |  682.9 |
               +--------+--------+--------+--------+--------+-----+--------+

Top non-repeatable levels by time:
     D:5: 1415 daAuts
     D:4: 770 daAuts
     D:2: 665 daAuts
     D:1: 537 daAuts
     D:6: 525 daAuts
     D:3: 517 daAuts
     D:7: 348 daAuts
